Workbook

Sheet classiwse Sales
A1: Notes for preparing data
A2: 1 | B2: Ye aapko Tally ke GST reports me jakar GSTR-1 se nikalna hai.
A3: =+A2+1 -> 2 | B3: Koi bhi sequence break na karey as ye same column forms me hai
A4: =+A3+1 -> 3 | B4: Column No A and B, just hamare reference ke liye hai, aapko kuchh nahi karna hai
A5: =+A4+1 -> 4 | B5: Name C wale column me hi likhna hai jaha name of dealer likha huwa hai, jaha yellow patch kiya hia
A6: =+A5+1 -> 5 | B6: Password of sheet 1234. Sheet me sare formula locked hai
A7: 6 | B7: Regarding RCM Liability : Classwise Sales me RCM as per GSTR-3B lena hai
H8: 1. Sales Sheet
A9: Name of Dealer | C9: ABC
C10: For 2024-25
A12: Form 9 | B12: Form 9C | C12: Sales Details | D12: Assessable Value | E12: CGST | F12: SGST | G12: IGST | H12: Total
A14: 4A | C14: B2C Sales | D14: 0 | E14: 0 | F14: =+E14 -> 0 | G14: 0 | H14: =SUM(D14:G14) -> 0
A15: 4B | C15: B2B sales | D15: 0 | E15: 0 | F15: =E15 -> 0 | G15: 0 | H15: =SUM(D15:G15) -> 0
A16: 4G | C16: RCM liability As Per GSTR-3B | D16: 0 | E16: =+D16*2.5% -> 0 | F16: =+E16 -> 0 | G16: 0 | H16: =SUM(D16:G16) -> 0
A17: 5E | C17: Tax Free | D17: 0 | H17: =SUM(D17:G17) -> 0
H18: =SUM(D18:G18) -> 0
A19: 4I | C19: Credit Notes ( GST wali ) | D19: 0 | E19: 0 | F19: =E19 -> 0 | G19: 0 | H19: =SUM(D19:G19) -> 0
A20: 4J | C20: Debit notes ( GST wali ) | D20: 0 | E20: 0 | F20: 0 | G20: 0 | H20: =SUM(D20:G20) -> 0
A22: 4N | D22: =SUM(D14:D21)-D17-D19-D19 -> 0 | E22: =SUM(E14:E21)-E17-E19-E19 -> 0 | F22: =SUM(F14:F21)-F17-F19-F19 -> 0 | G22: =SUM(G14:G21)-G17-G19-G19 -> 0 | H22: =SUM(H14:H21)-H17-H19-H19 -> 0 | I22: ( excluding Taxfree Sales )
A23: 5N | D23: =SUM(D14:D21)-D16-D19-D19 -> 0 | E23: =SUM(E14:E21)-E16-E19-E19 -> 0 | F23: =SUM(F14:F21)-F16-F19-F19 -> 0 | G23: =SUM(G14:G21)-G16-G19-G19 -> 0 | H23: =SUM(H14:H21)-H16-H19-H19 -> 0 | I23: ( Excluding RCM )
B26: 5A | C26: Yearly Sale | D26: 0 | F26: Expenses Which GST is Charges
B27: 5M | C27: GST if sales is inclusive of Sales | D27: 0 | F27: Freight Expenses | G27: 0
B28: 5O | C28: Other Charges on which GST effected | D28: =G31 -> 0 | F28: Loading & Unloading | G28: 0
C29: Total | D29: =+D26-D27+D28 -> 0 | F29: Other Charges | G29: 0
C30: Total GST sales excluding RCM | D30: =+D23 -> 0
C31: Cross tally | D31: =+D29-D30 -> 0 | F31: 5O | G31: =G27+G28+G29 -> 0

Sheet rate wise Sales
A1: Notes for preparing data
A2: 1 | B2: Column "i" me dhyan dena hia ki decimal zero aaye, 5.01% ya 4.99% bhi nahi chalta hai. | I2: Cross tally | J2: Value | K2: GST
A3: =+A2+1 -> 2 | B3: Rate wise sales ki sheet me sales return minus karke lena hai | I3: Sales | J3: =+D25 -> 0 | K3: =+E25+F25+G25 -> 0
A4: =+A3+1 -> 3 | B4: RCM wala details isi sheet me feed karna hai, baki jagah wo apney aap chala jayenga | I4: Classwise Sales | J4: =+'classiwse Sales'!D22+'classiwse Sales'!D17 -> 0 | K4: =+'classiwse Sales'!E22+'classiwse Sales'!F22+'classiwse Sales'!G22 -> 0
H6: 2. Sales Rate Wise | I6: Diff | J6: =+J3-J4 -> 0 | K6: =+K3-K4 -> 0 | L6: Difference due to RCM Liability
B7: Regarding RCM Liability : Ratewise Sales me RCM as per Books lena hai
A8: Name of Dealer | C8: ='classiwse Sales'!C9 -> ABC
C9: =+'classiwse Sales'!C10 -> For 2024-25
A11: Form 9 | B11: Form 9C | C11: Sales Details | D11: Assessable Value | E11: CGST | F11: SGST | G11: IGST | H11: Total | I11: Cross check of Rate
B12: 9 | C12: 5% | D12: 0 | E12: 0 | F12: =+E12 -> 0 | G12: 0 | H12: =SUM(D12:G12) -> 0 | I12: =SUM(E12:G12)/D12 -> #DIV/0!
C13: 5% (RCM) | D13: =+'rate wise Purchase'!D14 -> 0 | E13: =+'rate wise Purchase'!E14 -> 0 | F13: =+'rate wise Purchase'!F14 -> 0 | G13: =+'rate wise Purchase'!G14 -> 0 | H13: =SUM(D13:G13) -> 0 | I13: =SUM(E13:G13)/D13 -> #DIV/0!
C14: 12% | D14: 0 | E14: 0 | F14: =+E14 -> 0 | G14: 0 | H14: =SUM(D14:G14) -> 0 | I14: =SUM(E14:G14)/D14 -> #DIV/0!
C15: 12% (RCM) | D15: 0 | E15: 0 | F15: =+E15 -> 0 | G15: 0 | H15: =SUM(D15:G15) -> 0 | I15: =SUM(E15:G15)/D15 -> #DIV/0!
C16: 18% | D16: 0 | E16: 0 | F16: =+E16 -> 0 | H16: =SUM(D16:G16) -> 0 | I16: =SUM(E16:G16)/D16 -> #DIV/0!
C17: 18% (RCM) | D17: =+'rate wise Purchase'!D18 -> 0 | E17: =+'rate wise Purchase'!E18 -> 0 | F17: =+'rate wise Purchase'!F18 -> 0 | G17: =+'rate wise Purchase'!G18 -> 0 | H17: =SUM(D17:G17) -> 0 | I17: =SUM(E17:G17)/D17 -> #DIV/0!
C18: 28% | D18: 0 | E18: 0 | F18: =+E18 -> 0 | G18: 0 | H18: =SUM(D18:G18) -> 0 | I18: =SUM(E18:G18)/D18 -> #DIV/0!
C19: 28% (RCM) | D19: 0 | E19: =ROUND(D19*14%,0) -> 0 | F19: =+E19 -> 0 | G19: 0 | H19: =SUM(D19:G19) -> 0 | I19: =SUM(E19:G19)/D19 -> #DIV/0!
C21: Total ( Including RCM ) | D21: =SUM(D12:D19) -> 0 | E21: =SUM(E12:E19) -> 0 | F21: =SUM(F12:F19) -> 0 | G21: =SUM(G12:G19) -> 0 | H21: =SUM(D21:G21) -> 0
B23: 7B | C23: Tax Free | D23: 0 | H23: =SUM(D23:G23) -> 0
C25: Total ( Including Tax Free ) | D25: =+D21+D23 -> 0 | E25: =+E21+E23 -> 0 | F25: =+F21+F23 -> 0 | G25: =+G21+G23 -> 0 | H25: =SUM(D25:G25) -> 0
C27: Total RCM Liability | D27: =+D13+D15+D17+D19 -> 0 | E27: =+E13+E15+E17+E19 -> 0 | F27: =+F13+F15+F17+F19 -> 0 | G27: =+G13+G15+G17+G19 -> 0 | H27: =SUM(D27:G27) -> 0
C28: Regular liability | D28: =+D12+D14+D16+D18 -> 0 | E28: =+E12+E14+E16+E18 -> 0 | F28: =+F12+F14+F16+F18 -> 0 | G28: =+G12+G14+G16+G18 -> 0 | H28: =SUM(D28:G28) -> 0
C29: Total | D29: =SUM(D27:D28) -> 0 | E29: =SUM(E27:E28) -> 0 | F29: =SUM(F27:F28) -> 0 | G29: =SUM(G27:G28) -> 0 | H29: =SUM(H27:H28) -> 0
B31: Differecne( Zero rahna Chahiye ) | D31: =+D21-D29 -> 0 | E31: =+E21-E29 -> 0 | F31: =+F21-F29 -> 0 | G31: =+G21-G29 -> 0 | H31: =+H21-H29 -> 0

Sheet Classwise Purchase
A1: Notes for preparing data
A2: 1 | B2: Total ITC me CGST, SGST and IGST consolidated amount dena hai | E2: Cross Verification | G2: Value
A3: =+A2+1 -> 2 | B3: ITC eligible wala coulmmn hum log fill up karenge | E3: ITC as per this sheet | G3: =+F31 -> 0
A4: =+A3+1 -> 3 | B4: Koi bhi sequence break na karey as ye same column forms me hai | E4: ITC as per rate wise sheet | G4: =SUM('rate wise Purchase'!E13:G20) -> 0
A5: =+A4+1 -> 4 | B5: Wahi expenses lene hai, jisme GST charge huwa hai aapko.
F6: Diff | G6: =+G3-G4 -> 0
B8: Regarding RCM Liability : Classwise Purchase me RCM as per Books lena hai
A9: Name of Dealer | C9: =+'classiwse Sales'!C9 -> ABC | G9: Classwise Purchase
C10: =+'classiwse Sales'!C10 -> For 2024-25
A13: Form 9C | B13: S.No | C13: Description | E13: Value (₹) | F13: Amount of Total ITC | G13: Eligible ITC
A14: 14 | B14: A | C14: Purchases | E14: 0 | F14: 0 | G14: =+F14 -> 0
B15: B | C15: Freight / Carriage | E15: 0 | F15: =SUM(I15:K15) -> 0 | G15: =+F15 -> 0
B16: C | E16: 0 | F16: =SUM(I16:K16) -> 0 | G16: =+F16 -> 0
B17: D | C17: Imported goods (Including received from SEZ) | E17: 0 | F17: =SUM(I17:K17) -> 0 | G17: =+F17 -> 0
B18: E | C18: Rent and Insurance Expense | E18: 0 | F18: 0 | G18: =+F18 -> 0
B19: F | C19: RCM Wala purchase like Cotton | E19: ='rate wise Purchase'!D23 -> 0 | F19: ='rate wise Purchase'!E23+'rate wise Purchase'!F23+'rate wise Purchase'!G23 -> 0 | G19: =+F19 -> 0
B20: G | C20: Royalties | E20: 0 | F20: =SUM(I20:K20) -> 0 | G20: =+F20 -> 0 | I20: Compulsary to show seperately in sheet (Only For Us)
B21: H | E21: 0 | F21: =SUM(I21:K21) -> 0 | G21: =+F21 -> 0 | I21: Capital Goods | J21: Taxable | K21: CGST | L21: SGST | M21: IGST
B22: I | E22: 0 | F22: 0 | G22: =+F22 -> 0
B23: J | C23: Bank Charges | E23: 0 | F23: 0 | G23: =+F23 -> 0
B24: K | C24: Entertainment charges | E24: 0 | F24: 0 | G24: =+F24 -> 0
B25: L | C25: Legal Charges | E25: 0 | F25: 0 | G25: =+F25 -> 0
B26: M | C26: Repair and Maintenance | E26: 0 | F26: 0 | G26: =+F26 -> 0 | J26: =SUM(J22:J25) -> 0 | K26: =SUM(K22:K25) -> 0 | L26: =SUM(L22:L25) -> 0 | M26: =SUM(M22:M25) -> 0
B27: N | C27: CM Charges | E27: 0 | F27: 0 | G27: =+F27 -> 0
B28: O | C28: Capital goods | E28: =J26 -> 0 | F28: =K26+L26 -> 0 | G28: =+F28 -> 0
B29: P | C29: Office expenses | E29: 0 | F29: 0 | G29: =+F29 -> 0
B30: Q | C30: Commission | E30: 0 | F30: 0 | G30: =+F30 -> 0
A31: 14R | B31: Total | E31: =SUM(E14:E30) -> 0 | F31: =SUM(F14:F30) -> 0 | G31: =SUM(G14:G30) -> 0
D33: Cross verify from rate wise Purchase | E33: =+'rate wise Purchase'!D26 -> 0 | F33: =+'rate wise Purchase'!E26+'rate wise Purchase'!F26+'rate wise Purchase'!G26 -> 0 | G33: =+F33 -> 0
D34: Difference ( ye zero rahna chahiye ) | E34: =+E31-E33 -> 0 | F34: =+F31-F33 -> 0 | G34: =+G31-G33 -> 0

Sheet rate wise Purchase
A1: Notes for preparing data
A2: 1 | B2: Capital goods bhi cover karna hai
A3: =+A2+1 -> 2 | B3: Expenses jis ke upar GST ka set off liya hai, wo bhi cover karne hai
A4: =+A3+1 -> 3 | B4: Column "H" me dhyan dena hia ki decimal zero aaye, 5.01% ya 4.99% bhi nahi chalta hai.
A5: =+A4+1 -> 4 | B5: RCM liability Rate wise sales se already link hai
A6: 5 | B6: Koi bhi sequence break na karey as ye same column forms me hai
B7: Regarding RCM Liability : Ratewise Purchase me RCM as per Books lena hai
H8: 4. Purchase Rate Wise
A9: Name of Dealer | C9: =+'classiwse Sales'!C9 -> ABC
C10: =+'classiwse Sales'!C10 -> For 2024-25
A12: Form 9 | B12: Form 9C | C12: Purchases Details | D12: Assessable Value | E12: CGST | F12: SGST | G12: IGST | H12: Total | I12: Cross check
C13: 5% | D13: 0 | E13: 0 | F13: =+E13 -> 0 | G13: 0 | H13: =SUM(D13:G13) -> 0 | I13: =SUM(E13:G13)/D13 -> #DIV/0!
C14: 5% (RCM) | D14: =+Reco!K8 -> 0 | E14: =+Reco!M8 -> 0 | F14: =+Reco!N8 -> 0 | G14: =+Reco!O8 -> 0 | H14: =SUM(D14:G14) -> 0 | I14: =SUM(E14:G14)/D14 -> #DIV/0!
C15: 12% | D15: 0 | E15: 0 | F15: =+E15 -> 0 | G15: 0 | H15: =SUM(D15:G15) -> 0 | I15: =SUM(E15:G15)/D15 -> #DIV/0!
C16: 12% (RCM) | D16: =+'rate wise Sales'!D15 -> 0 | E16: =ROUND(D16*6%,0) -> 0 | F16: =+'rate wise Sales'!F15 -> 0 | G16: =+'rate wise Sales'!G15 -> 0 | H16: =SUM(D16:G16) -> 0 | I16: =SUM(E16:G16)/D16 -> #DIV/0!
C17: 18% | D17: 0 | E17: 0 | F17: =+E17 -> 0 | G17: 0 | H17: =SUM(D17:G17) -> 0 | I17: =SUM(E17:G17)/D17 -> #DIV/0!
C18: 18% (RCM) | D18: =+Reco!K9 -> 0 | E18: =+Reco!M9 -> 0 | F18: =+Reco!N9 -> 0 | G18: =+Reco!O9 -> 0 | H18: =SUM(D18:G18) -> 0 | I18: =SUM(E18:G18)/D18 -> #DIV/0!
C19: 28% | D19: 0 | E19: 0 | F19: =+E19 -> 0 | G19: 0 | H19: =SUM(D19:G19) -> 0 | I19: =SUM(E19:G19)/D19 -> #DIV/0!
C20: 28% (RCM) | D20: =+'rate wise Sales'!D19 -> 0 | E20: =ROUND(D20*14%,0) -> 0 | F20: =+'rate wise Sales'!F19 -> 0 | G20: =+'rate wise Sales'!G19 -> 0 | H20: =SUM(D20:G20) -> 0 | I20: =SUM(E20:G20)/D20 -> #DIV/0!
C22: Total without RCM | D22: =+D13+D15+D17+D19 -> 0 | E22: =+E13+E15+E17+E19 -> 0 | F22: =+F13+F15+F17+F19 -> 0 | G22: =+G13+G15+G17+G19 -> 0 | H22: =+H13+H15+H17+H19 -> 0
C23: Total RCM | D23: =+D14+D16+D18+D20 -> 0 | E23: =+E14+E16+E18+E20 -> 0 | F23: =+F14+F16+F18+F20 -> 0 | G23: =+G14+G16+G18+G20 -> 0 | H23: =+H14+H16+H18+H20 -> 0
C24: Tax Free | D24: 0 | H24: =SUM(D24:G24) -> 0
C26: Total including RCM | D26: =+D22+D24+D23 -> 0 | E26: =+E22+E24+E23 -> 0 | F26: =+F22+F24+F23 -> 0 | G26: =+G22+G24+G23 -> 0 | H26: =+H22+H24+H23 -> 0

Sheet Reco
A1: This Sheet is Only for Us. Don’t Fill it.
A3: Name of Dealer | C3: =+'classiwse Sales'!C9 -> ABC
C4: RECONCILIATION OF RETURNS WITH TALLY | J4: =C3 -> ABC
C5: FOR THE PERIOD 1.04.2024 TO 31.03.2025 | J5: =C5 -> FOR THE PERIOD 1.04.2024 TO 31.03.2025
A7: Form 9 | B7: Form 9C | C7: Particulars | D7: CGST | E7: SGST | F7: IGST | G7: Total | J7: particualrs | K7: Amount | L7: Rate of GST | M7: CGST | N7: SGST | O7: IGST | P7: Total
C8: Regarding ITC | J8: Raw Cotton | K8: 0 | L8: 5 | M8: =ROUND(K8*L8%*0.5,0) -> 0 | N8: =+M8 -> 0 | O8: 0 | P8: =SUM(M8:O8) -> 0
C9: ITC as per GST Returns | D9: 0 | E9: =D9 -> 0 | F9: 0 | G9: =SUM(D9:F9) -> 0 | J9: Advocate fees | K9: 0 | L9: 18 | M9: =ROUND(K9*L9%*0.5,0) -> 0 | N9: =+M9 -> 0 | O9: 0 | P9: =SUM(M9:O9) -> 0
A10: 6A1 | C10: Less : Excess ITC Claimed & ITC Of Last Year Claimed in Current FY | D10: 0 | E10: =D10 -> 0 | F10: 0 | G10: =SUM(D10:F10) -> 0 | J10: Transportation | L10: 5 | M10: =ROUND(K10*L10%*0.5,0) -> 0 | N10: =+M10 -> 0 | P10: =SUM(M10:O10) -> 0
A11: 6B | C11: ITC taken in Annual Return | D11: =D9-D10 -> 0 | E11: =E9-E10 -> 0 | F11: =F9-F10 -> 0 | G11: =SUM(D11:F11) -> 0 | J11: Rent of Residential Building ( 22.07.2022 ) | L11: 18 | M11: =ROUND(K11*L11%*0.5,0) -> 0 | N11: =+M11 -> 0 | P11: =SUM(M11:O11) -> 0
A12: 6C | C12: ITC in GST returns towards RCM | D12: 0 | E12: =D12 -> 0 | F12: 0 | G12: =SUM(D12:F12) -> 0 | J12: Security Services | L12: 18 | M12: =ROUND(K12*L12%*0.5,0) -> 0 | N12: =+M12 -> 0 | P12: =SUM(M12:O12) -> 0
C13: ITC as per Books on Purchases | D13: =+'rate wise Purchase'!E22 -> 0 | E13: =+D13 -> 0 | F13: =+'rate wise Purchase'!G22 -> 0 | G13: =SUM(D13:F13) -> 0 | J13: Government Fees | L13: 18 | M13: =ROUND(K13*L13%*0.5,0) -> 0 | N13: =+M13 -> 0 | P13: =SUM(M13:O13) -> 0
C14: ITC as per Books against RCM | D14: =+'rate wise Purchase'!E14+'rate wise Purchase'!E18 -> 0 | E14: =+'rate wise Purchase'!F14+'rate wise Purchase'!F18 -> 0 | F14: =+'rate wise Purchase'!G14+'rate wise Purchase'!G18 -> 0 | G14: =SUM(D14:F14) -> 0 | J14: Royalty | L14: 18 | M14: =ROUND(K14*L14%*0.5,0) -> 0 | N14: =+M14 -> 0 | P14: =SUM(M14:O14) -> 0
A15: 6M | C15: Any other ITC ( 8C of Last Year or Excess ITC) | J15: Rent of Commercial Building ) From 08.10.2024 ) | L15: 18 | M15: =ROUND(K15*L15%*0.5,0) -> 0 | N15: =+M15 -> 0 | P15: =SUM(M15:O15) -> 0
A16: 7C | C16: ITC Reversal Rule 42, 43 | D16: 0 | E16: =+D16 -> 0 | F16: 0 | G16: =SUM(D16:F16) -> 0
A17: 7E | C17: Ineligilbe ITC 17(5) | D17: 0 | E17: =+D17 -> 0 | F17: 0 | G17: =SUM(D17:F17) -> 0 | K17: =SUM(K8:K14) -> 0 | M17: =SUM(M8:M15) -> 0 | N17: =SUM(N8:N15) -> 0 | P17: =SUM(P8:P15) -> 0
A18: 7H1 | C18: Other Reversal | D18: 0 | E18: =+D18 -> 0 | F18: 0 | G18: =SUM(D18:F18) -> 0
B19: 12B | C19: ITC Of 2023-24 Claimed In 2024-25 | D19: 0 | E19: =+D19 -> 0 | F19: 0 | G19: =SUM(D19:F19) -> 0
C20: ITC As Per 2A | D20: 0 | E20: =+D20 -> 0 | F20: 0 | G20: =SUM(D20:F20) -> 0
A22: 8C & 13 | B22: 12C | C22: =IF(D11>D13,"Excess claim","Short Claim") -> Short Claim | D22: =+D13-D11 -> 0 | E22: =+E13-E11 -> 0 | F22: =+F13-F11 -> 0 | G22: =SUM(D22:F22) -> 0
C23: ( - shows excess claim and +ve shows short claim in 3B
C25: Difference in RCM | D25: =+D12-D14 -> 0 | E25: =+E12-E14 -> 0 | F25: =+F14-F12 -> 0 | G25: =SUM(D25:F25) -> 0
C27: Variation With 2A | D27: =+(D13-D20)/D20 -> #DIV/0! | E27: =+(E13-E20)/E20 -> #DIV/0! | F27: =+(F13-F20)/F20 -> #DIV/0!
C29: Regarding GST Output Liability
C30: Liability as per GST 3B | D30: 0 | E30: =D30 -> 0 | F30: 0 | G30: =SUM(D30:F30) -> 0
C31: Liability as per GSTR 1 | D31: 0 | E31: =+D31 -> 0 | F31: 0 | G31: =SUM(D31:F31) -> 0
C32: Liability as per Books | D32: =+'rate wise Sales'!E28 -> 0 | E32: =+'rate wise Sales'!F28 -> 0 | F32: =+'rate wise Sales'!G28 -> 0 | G32: =SUM(D32:F32) -> 0
C34: RCM liability as per 3B | D34: 0 | E34: =D34 -> 0 | F34: 0 | G34: =SUM(D34:F34) -> 0
C35: RCM liability as per Books | D35: =+'rate wise Purchase'!E14+'rate wise Purchase'!E18 -> 0 | E35: =+'rate wise Purchase'!F14+'rate wise Purchase'!F18 -> 0 | F35: =+'rate wise Purchase'!G14+'rate wise Purchase'!G18 -> 0 | G35: =SUM(D35:F35) -> 0
B37: 9R | C37: =IF(D30>D32,"Excess Paid","Short Paid") -> Short Paid | D37: =(D30)-D32 -> 0 | E37: =(E30)-E32 -> 0 | F37: =(F30)-F32 -> 0 | G37: =SUM(D37:F37) -> 0
C39: =IF(D34>D35,"Excess Paid RCM","Short Paid RCM") -> Short Paid RCM | D39: =+D34-D35 -> 0 | E39: =+E34-E35 -> 0 | F39: =+F34-F35 -> 0 | G39: =SUM(D39:F39) -> 0
C40: (+ve shows excess and -ve shows short)
B42: 12A & 12D | C42: Total ITC claimed in Books | D42: =SUM(D13:D14)-SUM(D16:D17) -> 0 | E42: =SUM(E13:E14)-SUM(E16:E17) -> 0 | F42: =SUM(F13:F14)-SUM(F16:F17) -> 0 | G42: =+G13+G14-SUM(G16:G17) -> 0
B43: 12E | C43: ITC claimed in GST Returns | D43: =SUM(D11:D12)-SUM(D16:D17) -> 0 | E43: =SUM(E11:E12)-SUM(E16:E17) -> 0 | F43: =SUM(F11:F12)-SUM(F16:F17) -> 0 | G43: =+G11+G12-SUM(G16:G17) -> 0
B44: 12F & 14T | C44: ITC claimed in 2025-26 | G44: =+G42-G43 -> 0
B47: DRC 03 to be initiated to reverse
C48: Particulars | D48: CGST | E48: SGST | F48: IGST | G48: Total
B52: Action Plan to give effect to GST return in FY 2025-26
C54: Particulars | D54: CGST | E54: SGST | F54: IGST | G54: Total
